 Dungeon Crawl Stone Soup version 0.27-a0-1497-gf8f22f7954 (webtiles) character file.

Game seed: 7529545653627182120

3028 Feb132020 the Insei (level 9, -10/69 HPs)
             Began as a Demonspawn Transmuter on July 7, 2021.
             Was an Initiate of Nemelex Xobeh.
             Killed from afar by an electric eel (13 damage)
             ... with a bolt of electricity
             ... on level 8 of the Dungeon.
             The game lasted 00:57:04 (12563 turns).

Feb132020 the Insei (Demonspawn Transmuter)        Turns: 12563, Time: 00:57:05

Health: -10/69     AC:  5    Str: 13    XL:     9   Next: 55%
Magic:  16/16      EV: 17    Int: 14    God:    Nemelex Xobeh [......]
Gold:   322        SH:  0    Dex: 15    Spells: 12/17 levels left

rFire    . . .     SeeInvis .     - Unarmed
rCold    . . .     Faith    .   (no shield)
rNeg     . . .     Spirit   .   i - +0 robe
rPois    .         Reflect  .   (helmet currently unavailable)
rElec    .         Harm     .   (no cloak)
rCorr    +         Rampage  .   (no gloves)
Will     .....                  (boots currently unavailable)
Stlth    ++........             p - amulet of magic regeneration
HPRegen  0.21/turn              d - ring of resist corrosion
MPRegen  0.55/turn              c - +4 ring of evasion

@: appendages (expiring)
A: horns 2, hooves 1, yellow scales 2, powered by pain 2, magic regeneration
a: End Transformation, Renounce Religion, Draw Escape, Draw Destruction, Draw
Summoning


You were on level 8 of the Dungeon.
You worshipped Nemelex Xobeh.
Nemelex Xobeh was noncommittal.
You had temporarily grown beastly horns.
You visited 2 branches of the dungeon, and saw 9 of its levels.
You also visited: Ossuary.

You collected 322 gold pieces.

Inventory:

Hand Weapons
 a - a +7 hunting sling of electrocution
Missiles
 f - a curare-tipped dart
 j - 241 stones
Armour
 h - a +2 pair of boots (melded)
 i - a +0 robe (worn)
 C - the +1 helmet "Hydypomu" (melded) {Dex+7}
   (You found it on level 8 of the Dungeon)

   Dex:       It affects your dexterity (+7).
Jewellery
 c - a +4 ring of evasion (right hand)
 d - a ring of resist corrosion (left hand)
 p - an amulet of magic regeneration (around neck)
Wands
 e - a wand of paralysis (8)
 v - a wand of iceblast (10)
 x - a wand of digging (3)
 y - a wand of polymorph (3)
 B - a wand of flame (17)
Scrolls
 b - a scroll of fear
 k - 3 scrolls of blinking
 l - a scroll of magic mapping
 m - 3 scrolls of fog
 n - 2 scrolls of brand weapon
 o - a scroll of silence
 q - a scroll of immolation
 r - 2 scrolls of teleportation
Potions
 g - a potion of might
 s - 3 potions of flight
 t - a potion of resistance
 u - 2 potions of curing
 w - a potion of degeneration {unknown}
 z - 2 potions of magic
 A - a potion of berserk rage {unknown}


   Skills:
 * Level 5.7 Fighting
 + Level 3.3 Slings
 + Level 4.3 Dodging
 + Level 2.2 Stealth
 + Level 6.5 Unarmed Combat
 + Level 4.7 Spellcasting
 * Level 4.3 Necromancy
 + Level 4.5 Transmutations


You had 12 spell levels left.
You knew the following spells:

 Your Spells              Type           Power      Damage    Failure   Level
a - Beastly Appendage     Tmut           32%        N/A       2%          1
b - Wereblood             Tmut           16%        N/A       4%          2
c - Corpse Rot            Necr/Air       N/A        N/A       11%         2

Your spell library contained the following spells:

 Spells                   Type           Power      Damage    Failure   Level
 Sting                    Tmut/Pois      36%        1d4       7%          1
 Shock                    Conj/Air       12%        1d3       19%         1
 Spider Form              Tmut/Pois      4%         N/A       22%         3
 Poisonous Vapours        Pois/Air       6%         N/A       26%         2
 Static Discharge         Conj/Air       3%         N/A       26%         2
 Dispel Undead            Necr           15%        3d10      30%         4
 Swiftness                Air            3%         N/A       47%         3
 Ice Form                 Ice/Tmut       9%         N/A       56%         4
 Airstrike                Air            1%         N/A       87%         4
 Olgreb's Toxic Radiance  Pois           3%         N/A       87%         4
 Lightning Bolt           Conj/Air       1%         1d12      99%         5
 Death Channel            Necr           7%         N/A       99%         6
 Storm Form               Tmut/Air       4%         N/A       100%        7
 Maxwell's Capacitive Co  Air            1%         ∞         100%        8


Dungeon Overview and Level Annotations

Branches:
Dungeon (8/15)             Temple (1/1) D:7         Ossuary (visited)
   Lair: D:8-11

Altars:
Ashenzari
Cheibriados
Dithmenos
Elyvilon
Fedhas
Gozag
Hepliaklqana
Kikubaaqudgha
Makhleb
Nemelex Xobeh
Okawaru
Qazlal
Ru
Trog
Uskayaw
Vehumet
Wu Jian
Xom
Yredelemnul
Zin
The Shining One

Annotations:
D:2 Jessica
D:8 1 exclusion, Maggie


Innate Abilities, Weirdness & Mutations

You have temporarily grown beastly horns.
You have large cloven feet.
You are mostly covered in yellow scales. (AC +3)
You sometimes gain power by taking damage.
You regenerate magic rapidly.


Message History

The yak gores you!
You barely miss the yak. You kick the yak, but do no damage.
The yak is moderately wounded.
The yak gores you.
You hit the yak.
The yak is heavily wounded.
The yak barely misses you.
You punch the yak! You kick the yak, but do no damage. You headbutt the yak.
The yak is almost dead.
The yak completely misses you.
You closely miss the yak. You headbutt the yak.
The yak is almost dead.
The yak closely misses you.
You hit the yak but do no damage.
The yak is almost dead.
The yak gores you!
* * * LOW HITPOINT WARNING * * *
You hear a bellow!
Unknown command.
You hit the yak but do no damage. You kick the yak, but do no damage.
The yak is almost dead.
You hear a bellow!
A yak comes into view.
A yak comes into view.
The yak gores you!
* * * LOW HITPOINT WARNING * * *
The yak gores you!
* * * LOW HITPOINT WARNING * * *
Your primal bloodlust is almost over.
As you read the scroll of fear, it crumbles to dust.
You assume a fearsome visage.
The yak looks frightened! x3
There is an open door here.
You close the door.
Your primal bloodlust has ended.
You start resting.
Your transformation is almost over.
The electric eel shoots out a bolt of lightning at you!
The bolt of electricity hits you!
You die...
Your body disappears without a glow.

... #.....# #....# .
..###+##.....#...... #....#
..#........?.#..... #....###+##
..#..........'..... #.........#
..#..........#.... #...[.....#
..#######'####.... ##...##...#
...>.............#+####...##...#
)................#.......Y.....#
................@#....."..##...#
......≈.P........+........######
†.....PP.........#...##...#
.....P≈P≈.;P######...######
....≈≈≈≈♣♣≈PP. .......#
...P≈≈♣♣♣♣;≈P.........# ..#P≈P♣
.........# ..#≈P♣♣ ♣ +####...##
..#P≈≈♣≈♣ #...#


You could see an electric eel.

Vanquished Creatures
  A hornet (D:8)
  A water moccasin (D:6)
  3 orc warriors
  A sky beast (D:7)
  3 ogres
  A bullfrog (D:8)
  A kobold brigand (D:7)
  7 scorpions
  2 wyvern skeletons
  3 howler monkeys
  4 centaur zombies
  A jelly (D:5)
  4 human zombies (Ossuary)
  2 gnoll shamans
  6 orc priests
  A bullfrog skeleton (D:5)
  A hound (D:7)
  An iguana (D:5)
  5 orc wizards (D:7)
  8 scorpion zombies
  A hound zombie (D:5)
  A howler monkey zombie (D:7)
  3 mummies (Ossuary)
  12 gnolls
  10 adders
  4 ufetubi
  2 worms
  A dart slug (D:3)
  23 orcs
  5 endoplasms
  2 giant cockroaches
  3 gnoll zombies (Ossuary)
  6 goblins
  6 hobgoblins
  8 jackals
  9 kobolds
  2 quokkas
  9 ball pythons
  4 bats
  6 frilled lizards
  A goblin zombie (Ossuary)
  2 hobgoblin zombies (Ossuary)
  An orc zombie (Ossuary)
  A quokka zombie (D:3)
  6 rats
184 creatures vanquished.

Vanquished Creatures (others)
  2 orc zombies (Ossuary)
  4 plants
6 creatures vanquished.

Grand Total: 190 creatures vanquished

Notes
Turn   | Place    | Note
-------+----------+-------------------------------------------
     0 | D:1      | Feb132020 the Demonspawn Transmuter began the quest for the
                  | Orb.
     0 | D:1      | Reached XP level 1. HP: 15/15 MP: 3/3
   388 | D:1      | Reached skill level 3 in Unarmed Combat
   411 | D:1      | Gained mutation: You are partially covered in yellow
                  | scales. (AC +2) [demonic ancestry]
   411 | D:1      | Reached XP level 2. HP: 10/21 MP: 3/5
   577 | D:1      | Got Hokhafez's Compendium of Air
  1214 | D:2      | Gained mutation: You are mostly covered in yellow scales.
                  | (AC +3) [demonic ancestry]
  1214 | D:2      | Reached XP level 3. HP: 26/26 MP: 4/6
  1328 | D:2      | Noticed Jessica
  2002 | D:2      | Reached XP level 4. HP: 32/32 MP: 5/7
  3251 | D:3      | Gained mutation: You sometimes gain a little power by
                  | taking damage. [demonic ancestry]
  3251 | D:3      | Reached XP level 5. HP: 29/38 MP: 9/9
  3352 | D:3      | Found a basalt altar of Yredelemnul.
  3393 | D:3      | Learned a level 2 spell: Wereblood
  3431 | D:4      | Found a sand-covered staircase.
  3438 | Ossuary  | Entered an ossuary
  3905 | Ossuary  | Reached skill level 4 in Unarmed Combat
  3905 | Ossuary  | Lost mutation: You have razor-sharp toenails. [demonic
                  | ancestry]
  3905 | Ossuary  | Lost mutation: You have sharp toenails. [demonic ancestry]
  3905 | Ossuary  | Gained mutation: You have large cloven feet. [demonic
                  | ancestry]
  3905 | Ossuary  | Reached XP level 6. HP: 31/45 MP: 8/10
  4395 | Ossuary  | Reached skill level 1 in Slings
  4395 | Ossuary  | Reached skill level 1 in Stealth
  4863 | Ossuary  | Gained mutation: You regenerate magic rapidly. [demonic
                  | ancestry]
  4863 | Ossuary  | Reached XP level 7. HP: 52/52 MP: 12/12
  5969 | Ossuary  | Learned a level 2 spell: Corpse Rot
  6857 | D:4      | Reached skill level 5 in Unarmed Combat
  7199 | D:5      | Entered Level 5 of the Dungeon
  7218 | D:5      | Reached skill level 1 in Necromancy
  7263 | D:5      | Reached XP level 8. HP: 60/60 MP: 13/13
  8172 | D:5      | Found a sparkling altar of Nemelex Xobeh.
  8345 | D:5      | Found a shimmering altar of Xom.
  8695 | D:5      | Became a worshipper of Nemelex Xobeh the Trickster
  9133 | D:6      | Noticed a two-headed ogre
  9240 | D:6      | Reached skill level 6 in Unarmed Combat
  9603 | D:6      | Reached skill level 5 in Fighting
  9603 | D:6      | Gained mutation: You sometimes gain power by taking damage.
                  | [demonic ancestry]
  9603 | D:6      | Reached XP level 9. HP: 53/68 MP: 15/15
 10390 | D:7      | Found a radiant altar of Vehumet.
 10617 | D:7      | Found a staircase to the Ecumenical Temple.
 11724 | Temple   | Entered the Ecumenical Temple
 12170 | D:8      | Noticed Maggie
 12241 | D:8      | Identified the +1 helmet "Hydypomu" {Dex+7}
 12269 | D:8      | Noticed a two-headed ogre
 12526 | D:8      | Identified the +7 leather armour of the Kettle-Drum {Drain
                  | rPois rN++ Str-3}
 12551 | D:8      | HP: 1/69 [yak (9)]
 12563 | D:8      | Killed from afar by an electric eel

Illustrated notes

Levels and vault maps discovered:
D:1:      dpeg_arrival_rhombus, layout_basic, corexii_item_surrounded_by_moat
D:2:      layout_loops_ring, uniq_jessica
D:3:      kennysheep_big_flooded_room, layout_loops_ring,
          lemuel_zombie_altar_yredelemnul, nicolae_elyvilon_temple_path,
          item_on_display_a
D:4:      layout_loops_corners, enter_ossuary_1
D:5:      layout_loops_cross, zin_scriptorium, grunt_temple_overflow_open,
          chequers_decorated_corner
D:6:      layout_basic
D:7:      layout_loops_cross, nicolae_overflow_crystal_walls,
          vehumet_altar_wand_db, minmay_temple_entry_arrows
D:8:      layout_gridville, serial_bayou, serial_bayou_pond_b,
          serial_bayou_pond_c, serial_bayou_shore_a, serial_bayou_pond_e,
          st_stairs_6, minmay_misc_feat_encased, uniq_maggie
Temple:   eino_narrow_crystal_temple

Skill      XL: |  1  2  3  4  5  6  7  8  9 |
---------------+----------------------------+-----
Unarmed Combat | 3 4 5 6 |  6.5
Transmutations | 2 3 4 |  4.5
Dodging        | 2 3 4 |  4.3
Spellcasting   | 3 4 |  4.7
Fighting       | 2 3 4 5 |  5.7
Slings         | 1 2 3 |  3.3
Stealth        | 1 2 |  2.2
Necromancy     | 1 3 4 |  4.3

Action                   |  1- 3 |  4- 6 |  7- 9 || total
-------------------------+-------+-------+-------++-------
Melee: Unarmed           |   111 |   174 |   416 ||   701
       Headbutt          |    13 |    26 |    74 ||   113
       Kick              |    21 |    60 |   146 ||   227
       Punch             |       |     4 |    11 ||    15
 Fire: Hunting sling     |       |    31 |    76 ||   107
 Cast: Beastly Appendage |    27 |    27 |    65 ||   119
       Wereblood         |       |       |     8 ||     8
Evoke: Wand              |       |       |     1 ||     1
  Use: Scroll            |       |     5 |    14 ||    19
       Potion            |       |       |     4 ||     4
 Stab: Sleeping          |       |       |     2 ||     2
Armor: Robe              |    25 |    28 |    82 ||   135
Dodge: Dodged            |    54 |    82 |   283 ||   419

Table legend: (Time is in decaauts)
 A = Elapsed time spent in this place.
 B = Non-inter-level travel time spent in this place.
 C = Inter-level travel time spent in this place.
 D = Time resting spent in this place.
 E = Time spent auto-exploring this place.
 F = Levels seen in this place.
 G = Mean time per level.
                   A        B        C        D        E       F      G
               +--------+--------+--------+--------+--------+-----+--------+
         Total |  12481 |  11867 |    614 |   1361 |   8453 |  10 | 1248.1 |
       Dungeon |   9361 |   8761 |    600 |    677 |   6517 |   8 | 1170.1 |
        Temple |    208 |    195 |     13 |      0 |    195 |   1 |  208.0 |
       Ossuary |   2910 |   2910 |      0 |    684 |   1741 |   1 | 2910.0 |
               +--------+--------+--------+--------+--------+-----+--------+

Top non-repeatable levels by time:
 Ossuary: 2910 daAuts
     D:6: 1714 daAuts
     D:5: 1523 daAuts
     D:1: 1216 daAuts
     D:7: 1204 daAuts
     D:4: 1176 daAuts
     D:3: 1161 daAuts
     D:2: 1047 daAuts
     D:8: 317 daAuts
  Temple: 208 daAuts
